 Dungeon Crawl Stone Soup version 0.31-a0-182-gc5ef74bbde (webtiles) character file.

Game seed: 15048528967630941758

3091 Gorgondantess the Covert (level 9, -18/65 HPs)
             Began as a Vampire Enchanter on June 20, 2023.
             Was a Believer of Okawaru.
             Demolished by a two-headed ogre
             ... wielding a +0 giant club
              (30 damage)
             ... on level 8 of the Dungeon.
             The game lasted 00:21:54 (7449 turns).

Gorgondantess the Covert (Vampire Enchanter)        Turns: 7449, Time: 00:21:55

Health: -18/65     AC:  8    Str:  9    XL:     9   Next: 59%
Magic:  1/13       EV: 13    Int: 20    God:    Okawaru [**....]
Gold:   55         SH:  0    Dex: 14    Spells: 7/14 levels left

rFire   . . .        r - +1 dagger (venom)
rCold   + . .        (no shield)
rNeg    . . .        x - +2 leather armour {rC+}
rPois   +            w - +0 helmet
rElec   .            (no cloak)
rCorr   .            s - +1 pair of gloves
SInv    +            (no boots)
Will    .....        R - amulet of regeneration
Stlth   ++++         t - ring of poison resistance
HPRegen 1.30/turn    P - +4 ring of slaying
MPRegen 0.13/turn

%: no passive effects
@: very slightly contaminated, healing quickly
A: alive, fangs 3, see invisible, vampiric 2
a: Exsanguinate, Renounce Religion, Heroism


You were on level 8 of the Dungeon.
You worshipped Okawaru.
Okawaru was pleased with you.
You visited 1 branch of the dungeon, and saw 8 of its levels.

You collected 475 gold pieces.
You spent 420 gold pieces at shops.

Inventory:

Hand Weapons
 a - a +1 dagger
 i - a +1 vampiric short sword
 r - a +1 dagger of venom (weapon)
 y - a +0 long sword
 A - a +3 dagger
 O - a +0 short sword of draining
 Q - a +0 arbalest
Missiles
 H - 6 curare-tipped darts
 J - 3 datura-tipped darts
 K - a throwing net
Armour
 b - a +0 robe
 m - a +0 leather armour
 p - a +0 ring mail
 s - a +1 pair of gloves (worn)
 w - a +0 helmet (worn)
 x - a +2 leather armour of cold resistance (worn)
 M - a +1 leather armour of fire resistance
 S - a +0 ring mail
Magical Staves
 v - a staff of poison
Jewellery
 t - a ring of poison resistance (left hand)
 P - a +4 ring of slaying (right hand)
 R - an amulet of regeneration (around neck)
Wands
 L - a wand of flame (16)
 N - a wand of polymorph (4)
Scrolls
 d - 2 scrolls of revelation {unknown}
 e - 4 scrolls of teleportation
 h - 3 scrolls of enchant armour {unknown}
 j - 2 scrolls of poison {unknown}
 k - 4 scrolls of blinking
 o - 3 scrolls of identify {unknown}
 u - 4 scrolls of noise {unknown}
 z - a scroll of amnesia {unknown}
 D - a scroll of vulnerability {unknown}
 E - a scroll of fog {unknown}
 F - a scroll of butterflies {unknown}
 I - 2 scrolls of enchant weapon {unknown}
Potions
 c - 2 potions of invisibility
 f - 2 potions of enlightenment {unknown}
 g - 3 potions of mutation {unknown}
 l - 2 potions of haste {unknown}
 n - 4 potions of brilliance {unknown}
 q - 2 potions of attraction {unknown}
 B - a potion of cancellation {unknown}
 G - a potion of curing {unknown}


   Skills:
 - Level 3.9 Fighting
 - Level 6.8 Short Blades
 - Level 1.8 Throwing
 - Level 2.7 Armour
 - Level 5.3 Dodging
 - Level 8.1 Stealth
 + Level 3.1 Spellcasting
 + Level 2.1 Conjurations
 - Level 7.5 Hexes
 - Level 2.0 Translocations
 - Level 2.0 Ice Magic
 + Level 2.1 Air Magic
 + Level 2.1 Poison Magic


You had 7 spell levels left.
You knew the following spells:

 Your Spells              Type           Power      Damage    Failure   Level
a - Ensorcelled Hibernat  Hex/Ice        44%        N/A       4%          2
b - Blink                 Tloc           22%        N/A       13%         2
c - Mephitic Cloud        Conj/Pois/Air  11%        N/A       24%         3

Your spell library contained the following spells:

 Spells                   Type           Power      Damage    Failure   Level
 Confusing Touch          Hex            33%        N/A       2%          3
 Dazzling Flash           Conj/Hex       44%        N/A       8%          3
 Kiss of Death            Conj/Necr      28%        2d7       12%         1
 Momentum Strike          Conj/Tloc      22%        3d8       12%         2
 Poisonous Vapours        Pois/Air       22%        N/A       12%         2
 Lesser Beckoning         Tloc           22%        N/A       13%         2
 Ignite Poison            Fire/Tmut/Pois 6%         N/A       38%         3
 Sticky Flame             Conj/Fire      7%         2d3       77%         4
 Dispel Undead            Necr           3%         3d7       88%         4
 Freezing Cloud           Conj/Ice/Air   5%         6-21      92%         5
 Ignition                 Fire           1%         3d3       100%        8
 Tukima's Dance           Hex            Unusable   N/A       N/A         3

Dungeon Overview and Level Annotations

Branches:
Dungeon (8/15)             Temple (0/1) D:7
   Lair: D:8-11

Altars:
Ashenzari
Okawaru
Trog
Vehumet
Xom

Shops:
D:8 =

Annotations:
D:4 olddryhag's ghost, amateur GnRe
D:8 Erica; Grum


Innate Abilities, Weirdness & Mutations

Your natural rate of healing is accelerated.
You have razor-sharp teeth.
You have supernaturally acute eyesight. (SInv)
You are afflicted with vampirism and can become a bat while bloodless.


Message History

Aim: a two-headed ogre, wielding two +0 giant clubs (lightly wounded, poisoned, chance to affect: 37%)
The two-headed ogre easily resists.
You feel stable enough to blink again.
Unknown command.
You hit the two-headed ogre.
The two-headed ogre looks as sick as possible!
The two-headed ogre is moderately wounded.
You hit the two-headed ogre.
The two-headed ogre looks as sick as possible!
You punch the two-headed ogre.
The two-headed ogre is heavily wounded.
The two-headed ogre closely misses you.
The two-headed ogre hits you with a +0 giant club!
You hit the two-headed ogre.
The two-headed ogre looks as sick as possible!
The two-headed ogre is heavily wounded.
You hit the two-headed ogre.
The two-headed ogre looks as sick as possible!
The two-headed ogre is heavily wounded.
The two-headed ogre hits you with a +0 giant club!
The two-headed ogre barely misses you.
You barely miss the two-headed ogre.
The two-headed ogre is severely wounded.
You hit the two-headed ogre.
The two-headed ogre is severely wounded.
The two-headed ogre barely misses you. The two-headed ogre closely misses you.
You hit the two-headed ogre.
The two-headed ogre is almost dead.
You hit the two-headed ogre.
The two-headed ogre looks as sick as possible!
The two-headed ogre is almost dead.
You hit the two-headed ogre but do no damage.
The two-headed ogre looks as sick as possible!
The two-headed ogre is almost dead.
The two-headed ogre misses you.
The two-headed ogre hits you with a +0 giant club!!
* * * LOW HITPOINT WARNING * * *
The two-headed ogre attacks as you move away!
The two-headed ogre hits you with a +0 giant club!!
You die...

#. .. #...###. ##(
#.#..#...#(? #.#..
_.(.. #.#.. ..#..
#...###.###O
#.#..#...#..
#.##########.#.........
#.....@O...............
#.#.....#....##.#......
#>.##.#....##.#......
#.. .#....##.##.....
#..##.#....##.##.....
#.....#.)..##.# ##
#.....).......#
########......#####
#####..#...#


You could see a two-headed ogre (extremely poisoned).

Vanquished Creatures
  Grinder (D:3)
  2 water moccasins
  An ice beast (D:7)
  3 orc warriors
  A sky beast (D:6)
  4 black bears
  2 ogres
  A wolf (D:7)
  A centaur (D:8)
  A bullfrog (D:6)
  2 scorpions
  4 wights (D:7)
  3 howler monkeys
  2 jellies
  5 hounds
  4 orc priests
  2 gnoll boudas
  Jessica (D:3)
  3 iguanas
  4 sleepcaps
  5 orc wizards
  Robin (D:2)
  8 gnolls
  5 adders
  3 shadow imps
  An ufetubus (D:6)
  A worm (D:2)
  28 orcs
  8 ball pythons
  6 endoplasms
  3 giant cockroaches
  12 goblins
  6 hobgoblins
  10 jackals
  5 kobolds
  4 quokkas
  7 bats
  4 frilled lizards (D:1)
  3 rats
167 creatures vanquished.

Notes
Turn   | Place    | Note
-------+----------+-------------------------------------------
     0 | D:1      | Gorgondantess the Vampire Enchanter began the quest for the
                  | Orb.
     0 | D:1      | Reached XP level 1. HP: 13/13 MP: 3/3
   203 | D:1      | Reached XP level 2. HP: 19/19 MP: 5/5
   218 | D:1      | Learned a level 2 spell: Ensorcelled Hibernation
   602 | D:1      | Gained mutation: You are afflicted with vampirism and can
                  | become a bat while bloodless. [Vampire growth]
   602 | D:1      | Reached XP level 3. HP: 25/25 MP: 6/6
   944 | D:2      | Found a faded altar of an unknown god.
  1129 | D:2      | Reached skill level 5 in Stealth
  1514 | D:3      | Noticed Jessica
  1524 | D:3      | Killed Jessica
  1525 | D:3      | Reached skill level 1 in Fighting
  1525 | D:3      | Reached XP level 4. HP: 32/32 MP: 7/7
  1595 | D:3      | Noticed Grinder
  1616 | D:3      | Paralysed by Grinder for 2 turns
  1630 | D:3      | Killed Grinder
  1631 | D:3      | Reached skill level 5 in Hexes
  1631 | D:3      | Reached skill level 1 in Ice Magic
  1631 | D:3      | Reached XP level 5. HP: 34/38 MP: 8/8
  1631 | D:3      | Reached XP level 6. HP: 39/44 MP: 9/9
  1782 | D:3      | Noticed Robin
  1812 | D:2      | Killed Robin
  2304 | D:4      | Reached skill level 6 in Stealth
  2622 | D:3      | Reached skill level 1 in Armour
  2622 | D:3      | Reached XP level 7. HP: 47/51 MP: 1/10
  2696 | D:3      | Learned a level 2 spell: Blink
  3278 | D:4      | Found a runed translucent door.
  3279 | D:4      | Noticed olddryhag's ghost (amateur GnRe)
  3401 | D:4      | Found a broken altar of Ashenzari.
  3648 | D:5      | Entered Level 5 of the Dungeon
  3718 | D:5      | Reached skill level 5 in Short Blades
  3852 | D:5      | Reached skill level 1 in Translocations
  3944 | D:5      | Reached XP level 8. HP: 56/57 MP: 12/12
  4022 | D:5      | Learned a level 3 spell: Mephitic Cloud
  4038 | D:5      | Reached skill level 7 in Stealth
  4221 | D:5      | Found a shimmering altar of Xom.
  4273 | D:5      | Found an iron altar of Okawaru.
  4482 | D:5      | Became a worshipper of Warmaster Okawaru
  4564 | D:6      | Reached skill level 1 in Air Magic
  4564 | D:6      | Reached skill level 1 in Poison Magic
  4657 | D:6      | Reached skill level 1 in Conjurations
  5324 | D:6      | Reached * piety under Okawaru
  5431 | D:6      | Reached skill level 1 in Throwing
  5763 | D:7      | Reached XP level 9. HP: 57/64 MP: 13/13
  6037 | D:7      | Found a staircase to the Ecumenical Temple.
  6235 | D:7      | Reached skill level 5 in Dodging
  6738 | D:7      | Reached ** piety under Okawaru
  6893 | D:8      | Found a bloodstained altar of Trog.
  6915 | D:8      | Noticed Erica
  6916 | D:8      | Noticed Grum
  7112 | D:8      | Noticed a two-headed ogre
  7112 | D:8      | Found a radiant altar of Vehumet.
  7135 | D:7      | Reached skill level 8 in Stealth
  7241 | D:8      | Found Fethron's Jewellery Shoppe.
  7244 | D:8      | Bought an amulet of regeneration for 420 gold pieces
  7449 | D:8      | Demolished by a two-headed ogre

Illustrated notes

Levels and vault maps discovered:
D:1:      dpeg_arrival_rooms_with_view, layout_basic
D:2:      layout_basic, basic_ecumenical_altar, serial_park_tiny_pond,
          minivault_19, bh_walls_and_bars
D:3:      layout_basic, uniq_robin, uniq_jessica, uniq_grinder
D:4:      layout_cave_pods, marbit_many_paths, ebering_ghost_inner_flame
D:5:      layout_rooms, kennysheep_little_box, kennysheep_mini,
          chequers_serial_rivers_small_3
D:6:      layout_loops_cross, roderic_lattice_a
D:7:      layout_basic, temple_doors_e, kennysheep_another_room
D:8:      layout_basic, vehumet_crystals, mainiacjoe_overflow_boulevard,
          mainiacjoe_overflow_catch_the_wave, serial_shops, shop,
          grunt_ministairs_10, uniq_erica, uniq_grum

Skill      XL: |  1  2  3  4  5  6  7  8  9 |
---------------+----------------------------+-----
Short Blades   | 2 3 4 5 6 |  6.8
Stealth        | 5 6 7 8 |  8.1
Fighting       | 1 2 3 |  3.9
Dodging        | 3 4 5 |  5.3
Hexes          | 5 6 7 |  7.5
Ice Magic      | 1 2 |  2.0
Armour         | 1 2 |  2.7
Translocations | 1 2 |  2.0
Air Magic      | 2 |  2.1
Poison Magic   | 2 |  2.1
Conjurations   | 1 2 |  2.1
Spellcasting   | 3 |  3.1
Throwing       | 1 |  1.8

Action                     |  1- 3 |  4- 6 |  7- 9 || total
---------------------------+-------+-------+-------++-------
  Melee: Dagger            |    90 |   121 |   366 ||   577
         Bite              |     8 |    13 |    58 ||    79
         Short sword       |    38 |       |    30 ||    68
         Punch             |     1 |     1 |     5 ||     7
  Throw: Dart              |       |       |     3 ||     3
   Cast: Ensorcelled Hiber |     2 |     5 |    34 ||    41
         Blink             |       |       |     3 ||     3
         Mephitic Cloud    |       |       |     3 ||     3
  Evoke: Wand              |       |       |     2 ||     2
    Use: Potion            |       |     1 |       ||     1
         Scroll            |       |       |     3 ||     3
   Stab: Sleeping          |    16 |     7 |    30 ||    53
         Invisible         |       |     3 |       ||     3
 Armour: Robe              |    15 |       |       ||    15
         Leather armour    |     2 |    45 |    95 ||   142
  Dodge: Dodged            |    64 |    84 |   201 ||   349

Table legend: (Time is in decaauts)
 A = Elapsed time spent in this place.
 B = Non-inter-level travel time spent in this place.
 C = Inter-level travel time spent in this place.
 D = Time resting spent in this place.
 E = Time spent auto-exploring this place.
 F = Levels seen in this place.
 G = Mean time per level.
                   A        B        C        D        E       F      G
               +--------+--------+--------+--------+--------+-----+--------+
         Total |   7302 |   6818 |    484 |    299 |   4778 |   8 |  912.8 |
       Dungeon |   7302 |   6818 |    484 |    299 |   4778 |   8 |  912.8 |
               +--------+--------+--------+--------+--------+-----+--------+

Top non-repeatable levels by time:
     D:7: 1376 daAuts
     D:6: 1226 daAuts
     D:4: 1150 daAuts
     D:3: 909 daAuts
     D:2: 885 daAuts
     D:5: 818 daAuts
     D:1: 658 daAuts
     D:8: 276 daAuts
